 Dungeon Crawl Stone Soup version 0.31-a0-271-gb88eb75e06 (webtiles) character file.

Game seed: 9884792574271474487

115 porpoise the Shooter (level 5, -2/32 HPs)
             Began as a Kobold Hunter on July 15, 2023.
             Blown up by Ijyb (9 damage)
             ... with a mindburst bolt
             ... on level 3 of the Dungeon.
             The game lasted 00:03:53 (2735 turns).

porpoise the Shooter (Kobold Hunter)                Turns: 2735, Time: 00:03:54

Health: -2/32      AC:  6    Str: 18    XL:     5   Next: 20%
Magic:  5/5        EV: 15    Int: 20    God:
Gold:   184        SH:  0    Dex: 27    Spells: 4/4 levels left

rFire   . . .        a - +0 shortbow
rCold   . . .        (shield currently unavailable)
rNeg    . . .        e - +2 leather armour {rPois}
rPois   +            (no helmet)
rElec   .            (no cloak)
rCorr   .            m - +0 pair of gloves
SInv    .            (no boots)
Will    .....        (no amulet)
Stlth   +++          c - +6 ring of strength
HPRegen 0.25/turn    j - ring of the Neverending Moons {Will- Str+4 Int+10 Dex+6}
MPRegen 0.09/turn

%: no passive effects
@: no status effects
A: small, no large weapons, nightstalker 3
a: no special abilities


You were on level 3 of the Dungeon.
You visited 1 branch of the dungeon, and saw 3 of its levels.

You collected 184 gold pieces.

Inventory:

Hand Weapons
 a - a +0 shortbow (weapon)
Armour
 e - a +2 leather armour of poison resistance (worn)
 m - a +0 pair of gloves (worn)
Jewellery
 c - a +6 ring of strength (left hand)
 j - the ring of the Neverending Moons (right hand) {Will- Str+4 Int+10 Dex+6}
   (You found it on level 2 of the Dungeon)

   [ring of dexterity]

   Str:       It affects your strength (+4).
   Int:       It affects your intelligence (+10).
   Dex:       It affects your dexterity (+6).
   Will:      It decreases your willpower.
Scrolls
 b - a scroll of butterflies
 f - a scroll of torment {unknown}
 g - a scroll of identify
 h - 3 scrolls of teleportation {unknown}
 i - a scroll of blinking {unknown}
 k - a scroll of noise
Potions
 d - 3 potions of mutation
 l - a potion of degeneration {unknown}


   Skills:
 + Level 3.6 Fighting
 * Level 7.2 Ranged Weapons
 - Level 2.4 Dodging
 - Level 1.3 Stealth


You had 4 spell levels left.
You didn't know any spells.
Your spell library contained the following spells:

 Spells                   Type           Power      Damage    Failure   Level
 Summon Guardian Golem    Hex/Summ       0%         N/A       56%         3
 Orb of Destruction       Conj           0%         9d5       100%        7
 Spellforged Servitor     Conj/Summ      0%         N/A       100%        7


Dungeon Overview and Level Annotations

Branches:
Dungeon (3/15)

Altars:

Annotations:
D:3 Ijyb


Innate Abilities, Weirdness & Mutations

You are small and have problems with some larger weapons.
You are completely attuned to the shadows.


Message History

You shoot an arrow. The arrow hits the ball python.
You kill the ball python!
No target in view!
You see here a ball python corpse.
You open the door.
There is an open door here.
Found a leather armour.
You now have 184 gold pieces (gained 9).
You see here a +0 leather armour.
h - 3 scrolls labelled EMIALI VOTEINIY (gained 1)
You open the door.
There is an open door here.
There is an open door here.
There is an open door here.
You see here a +0 quarterstaff.
Ijyb the Twisted Goblin comes into view.
She is wielding a +1 dagger of venom and carrying a wand of mindburst.
You shoot an arrow. The arrow completely misses Ijyb.
You shoot an arrow. The arrow hits Ijyb but does no damage.
A dart slug comes into view.
You shoot an arrow. The arrow completely misses Ijyb.
Ijyb misses you.
Ijyb zaps a wand.
Your mind is blasted!
You shoot an arrow. The arrow barely misses Ijyb.
The arrow hits the dart slug.
The dart slug is severely wounded.
Ijyb hits you with a +1 dagger of venom.
You shoot an arrow. The arrow hits Ijyb.
Ijyb is lightly wounded.
Ijyb zaps a wand.
Your mind is blasted!
Ouch! That really hurt!
* * * LOW HITPOINT WARNING * * *
You are too injured to fight recklessly!
You are too injured to fight recklessly!
Unknown command.
You shoot an arrow. The arrow hits Ijyb but does no damage.
Ijyb is lightly wounded.
Ijyb hits you with a +1 dagger of venom.
* * * LOW HITPOINT WARNING * * *
You shoot an arrow. The arrow barely misses Ijyb.
The arrow hits the dart slug!
You kill the dart slug!
Ijyb zaps a wand.
Your mind is blasted!
You die...

#.# #. #.# #. #.#
#. ##### #.# #.
..... ...# #.# #.
.....###.######.#
##
#.†##..........#
#g##.#.########
#@...#.# #......#
########


You could see Ijyb.

Vanquished Creatures
  Natasha (twice) (D:3)
  An adder (D:3)
  4 dart slugs
  5 endoplasms
  7 giant cockroaches
  4 goblins
  3 hobgoblins
  4 kobolds
  2 quokkas
  7 ball pythons
  6 bats
  A frilled lizard (D:2)
  5 rats (D:1)
51 creatures vanquished.

Notes
Turn   | Place    | Note
-------+----------+-------------------------------------------
     0 | D:1      | porpoise the Kobold Hunter began the quest for the Orb.
     0 | D:1      | Reached XP level 1. HP: 12/12 MP: 1/1
   108 | D:1      | Reached XP level 2. HP: 18/18 MP: 2/2
   335 | D:1      | Reached skill level 6 in Ranged Weapons
   375 | D:1      | Reached XP level 3. HP: 21/22 MP: 3/3
  1132 | D:2      | Identified the ring of the Neverending Moons {Will- Str+4
                  | Int+10 Dex+6}
  1510 | D:2      | Reached XP level 4. HP: 28/28 MP: 4/4
  2235 | D:3      | Found a faded altar of an unknown god.
  2534 | D:3      | Noticed Natasha
  2536 | D:3      | Killed Natasha
  2537 | D:3      | Reached skill level 7 in Ranged Weapons
  2550 | D:3      | Noticed Natasha
  2561 | D:3      | Killed Natasha
  2562 | D:3      | Reached XP level 5. HP: 22/32 MP: 5/5
  2728 | D:3      | Noticed Ijyb
  2735 | D:3      | Blown up by Ijyb

Illustrated notes

Levels and vault maps discovered:
D:1:      dpeg_arrival_oval, layout_basic
D:2:      layout_loops_corners, lemuel_flame_loot_1
D:3:      layout_loops_corners, nicolae_ecumenical_snake_handling, uniq_ijyb,
          uniq_natasha

Skill      XL: |  1  2  3  4 |
---------------+-------------+-----
Ranged Weapons | 6 7 |  7.2
Fighting       | 3 |  3.6
Dodging        | |  2.4
Stealth        | |  1.3

Action                     |  1- 3 |  4- 6 || total
---------------------------+-------+-------++-------
   Fire: Shortbow          |    97 |    45 ||   142
    Use: Scroll            |       |     2 ||     2
 Armour: Leather armour    |     7 |     3 ||    10
  Dodge: Dodged            |    31 |    19 ||    50

Table legend: (Time is in decaauts)
 A = Elapsed time spent in this place.
 B = Non-inter-level travel time spent in this place.
 C = Inter-level travel time spent in this place.
 D = Time resting spent in this place.
 E = Time spent auto-exploring this place.
 F = Levels seen in this place.
 G = Mean time per level.
                   A        B        C        D        E       F      G
               +--------+--------+--------+--------+--------+-----+--------+
         Total |   2752 |   2694 |     58 |     46 |   2370 |   3 |  917.3 |
       Dungeon |   2752 |   2694 |     58 |     46 |   2370 |   3 |  917.3 |
               +--------+--------+--------+--------+--------+-----+--------+

Top non-repeatable levels by time:
     D:2: 990 daAuts
     D:1: 966 daAuts
     D:3: 795 daAuts
